 Dungeon Crawl Stone Soup version 0.28-a0-1213-g0243856f03 (webtiles) character file.

Game seed: 14092422838337698131

66429 oldriver the Executioner (level 14, 0/141 HPs)
             Began as a Minotaur Berserker on Dec 21, 2021.
             Was a High Priest of Trog.
             Slain by a spriggan rider (13 damage)
             ... on level 1 of the Swamp.
             The game lasted 00:37:22 (27862 turns).

oldriver the Executioner (Minotaur Berserker)      Turns: 27862, Time: 00:37:22

Health: 0/141      AC: 17    Str: 23    XL:     14   Next: 79%
Magic:  7/13       EV: 13    Int:  4    God:    Trog [*****.]
Gold:   1857       SH:  5    Dex: 14    Spells: 13/13 levels left

rFire   + . .      SeeInvis .   Q - +7 battleaxe of the Past {flame, rC+ rCorr}
rCold   + . .      Faith    .   (shield currently unavailable)
rNeg    . . .      Spirit   .   E - +1 scale mail {Will+}
rPois   +          Reflect  +   (helmet restricted)
rElec   .          Harm     .   q - +1 cloak
rCorr   +          Rampage  .   k - +2 pair of gloves {infuse}
Will    ++...                   u - +0 pair of boots
Stlth   ..........              p - amulet of reflection
HPRegen 0.33/turn               g - ring of poison resistance
MPRegen 0.13/turn               x - ring of protection from fire

@: on berserk cooldown, slowed, very slow
A: horns 2, retaliatory headbutt
a: Renounce Religion, Berserk, Trog's Hand, Brothers in Arms


You were on level 1 of the Swamp.
You worshipped Trog.
Trog was extremely pleased with you.
You visited 4 branches of the dungeon, and saw 20 of its levels.

You collected 2004 gold pieces.
You spent 147 gold pieces at shops.

Inventory:

Hand Weapons
 A - a +3 mace
 Q - the +7 battleaxe of the Past (weapon) {flame, rC+ rCorr}
   (Trog gifted it to you on level 2 of the Orcish Mines)

   It burns those it strikes, dealing additional fire damage.
   Big, fiery blades are also staple armaments of hydra-hunters.
   rC:        It protects you from cold.
   rCorr:     It protects you from acid and corrosion.
Missiles
 a - 5 throwing nets (quivered)
Armour
 k - a +2 pair of gloves of infusion (worn)
 q - a +1 cloak (worn)
 u - a +0 pair of boots (worn)
 E - a +1 scale mail of willpower (worn)
 O - a +0 kite shield
Jewellery
 g - a ring of poison resistance (left hand)
 p - an amulet of reflection (around neck)
 x - a ring of protection from fire (right hand)
 B - a ring of resist corrosion
 C - a ring of willpower
 D - a ring of flight
 R - an amulet of guardian spirit
Wands
 j - a wand of polymorph (5)
 t - a wand of mindburst (9)
 G - a wand of iceblast (12)
 L - a wand of charming (5)
 S - a wand of flame (11)
Scrolls
 c - 3 scrolls of enchant weapon
 d - 3 scrolls of enchant armour
 f - 3 scrolls of teleportation
 l - 2 scrolls of summoning
 o - 4 scrolls of torment
 v - 3 scrolls of noise
 w - 5 scrolls of magic mapping
 y - 3 scrolls of fog
 F - 3 scrolls of immolation
 J - 3 scrolls of vulnerability
 T - a scroll of amnesia
Potions
 b - 11 potions of curing
 h - a potion of cancellation
 i - 5 potions of attraction
 m - 2 potions of haste
 n - 3 potions of heal wounds
 r - 4 potions of brilliance
 z - a potion of lignification
 H - 3 potions of ambrosia
 I - a potion of invisibility
 K - 2 potions of mutation
 M - 2 potions of degeneration
 N - 2 potions of magic
 P - a potion of resistance
Miscellaneous
 U - a tin of tremorstones (2/2)


   Skills:
 * Level 17.9 Fighting
 * Level 21.4 Axes
 + Level 11.7 Armour
 + Level 6.7 Dodging
 + Level 6.1 Shields


You had 13 spell levels left.
You didn't know any spells.
Your spell library was empty.

Dungeon Overview and Level Annotations

Branches:
Dungeon (11/15)            Temple (0/1) D:5            Lair (6/6) D:10
  Swamp (1/4) Lair:2       Spider (0/4) Lair:3        Slime (0/5) Lair:6
    Orc (2/2) D:10            Elf (0/3) Orc:2

Altars:
Ashenzari
Cheibriados
Hepliaklqana
Kikubaaqudgha
Nemelex Xobeh
Sif Muna
Uskayaw
Vehumet
Jiyva
Lugonu

Shops:
D:10 [   Orc:1 *

Portals:
Abyss: Lair:6

Annotations:
D:10 1 runed translucent door
Lair:2 2 transporters, JamezByez's ghost, journeyman MiBe
Lair:6 exclusion: oklob plant


Innate Abilities, Weirdness & Mutations

You have a pair of horns on your head.
You reflexively headbutt those who attack you in melee.


Message History

The swamp worm fires a harpoon shot at you.
The harpoon shot hits you.
You stop ascending the stairs.
You are yanked forward by the harpoon shot.
A spriggan rider comes into view. It is wielding a +0 spear.
The spriggan rider hits you from afar with a +0 spear!
The swamp worm bites you but does no damage.
The spriggan rider closely misses you. The spriggan rider misses you.
You slice the tyrant leech!! You burn the tyrant leech.
You kill the tyrant leech!
Trog accepts your kill.
You slash the swamp worm! You burn the swamp worm.
The swamp worm barely misses you. You furiously retaliate!
You headbutt the swamp worm! The spriggan rider barely misses you.
The spriggan rider hits you from afar with a +0 spear!!
* * * LOW HITPOINT WARNING * * *
The goliath frog hits you but does no damage.
Okay, then.
As you read the scroll of fear, it crumbles to dust.
You assume a fearsome visage.
The spriggan rider easily resists.
The spriggan rider looks frightened!
The spriggan rider resists with almost no effort.
The goliath frog looks frightened!
The seven-headed hydra looks frightened!
The swamp worm looks frightened!
The spriggan rider hits you from afar with a +0 spear!
* * * LOW HITPOINT WARNING * * *
The spriggan rider hits you from afar with a +2 spear of freezing!
* * * LOW HITPOINT WARNING * * *
The spriggan rider freezes you.
* * * LOW HITPOINT WARNING * * *
You feel much better.
The spriggan rider hits you from afar with a +0 spear.
* * * LOW HITPOINT WARNING * * *
The spriggan rider hits you from afar with a +2 spear of freezing!!
* * * LOW HITPOINT WARNING * * *
The spriggan rider freezes you.
* * * LOW HITPOINT WARNING * * *
A spriggan rider comes into view. It is wielding a +0 spear.
The spriggan rider hits you from afar with a +0 spear!
You die...

≈≈≈≈≈§....≈≈.♣..≈♣
..≈≈≈≈.♣≈≈≈≈≈..≈≈.
≈.≈...i♣≈≈≈...≈..≈
..≈§≈≈≈≈F≈.§.≈≈..≈
≈.≈..≈.≈≈.≈≈.≈♣
≈≈..≈≈≈≈D≈<≈≈.♣
♣§≈§≈♣§≈...♣♣
♣.≈...≈i†♣♣♣♣
♣♣.≈≈≈≈i.@≈.♣
♣.§≈♣≈≈♣≈≈i..≈≈i
♣≈..§≈≈≈≈≈≈≈≈≈.≈≈≈
≈.≈≈≈....≈≈w≈≈♣≈≈≈≈
♣♣.≈≈...≈§≈≈.≈..≈≈≈
≈§.≈..♣?§≈≈≈♣$≈≈.≈≈
≈≈≈≈≈≈≈.♣≈§≈≈≈♣≈...
.≈≈.≈≈.≈≈≈.≈≈♣≈!
.≈≈≈≈≈≈≈≈..♣♣.


You could see a seven-headed hydra (fleeing), 5 spriggan riders, a goliath frog
(fleeing) and a swamp worm (fleeing).

Vanquished Creatures
  Rupert (Lair:5)
  An orc warlord (Orc:2)
  2 entropy weavers (shapeshifter) (Lair:6)
  An ettin (Orc:1)
  5 hydras
  Harold (Orc:1)
  A centaur warrior (D:10)
  A catoblepas (Lair:6)
  2 two-headed ogres (D:10)
  2 tengu warriors (D:10)
  3 death yaks (Lair:5)
  2 thrashing horrors (Lair:6)
  Sonja (Orc:2)
  A large abomination (Lair:6)
  A fire crab (Lair:2)
  2 bog bodies
  3 orc knights
  An orc sorcerer (Orc:2)
  A cyclops (D:10)
  4 ugly things
  9 elephants
  3 centaur zombies (D:10)
  2 black mambas
  A gargoyle (D:10)
  3 smoke demons (Lair:6)
  15 cane toads
  6 rime drakes
  6 komodo dragons
  A yaktaur (D:10)
  An unseen horror (D:10)
  An ice devil (Lair:5)
  2 ancient zymes (Lair:6)
  An entropy weaver simulacrum (Lair:5)
  An anaconda simulacrum (Lair:5)
  6 polar bears
  5 trolls
  A queen bee (shapeshifter) (Lair:6)
  5 slime creatures
  A hornet (D:7)
  23 blink frogs (Lair:6)
  2 tyrant leeches (Swamp:1)
  5 dream sheep (Lair:6)
  A spriggan (Lair:6)
  2 shadows
  Sigmund (D:6)
  7 small abominations (Lair:6)
  A wraith (D:9)
  5 wyverns
  3 ynoxinuls (Lair:6)
  41 yaks
  5 basilisks
  A vampire mosquito (D:10)
  4 wargs
  A swamp worm (Swamp:1)
  2 acid dragons
  17 water moccasins
  4 ice beasts
  A hornet zombie (D:7)
  29 orc warriors
  2 sky beasts
  7 ogres
  2 black bears
  2 necrophages (D:6)
  3 centaurs
  31 wolves
  A kobold brigand (D:10)
  A scorpion (D:7)
  6 bullfrogs
  A gnoll sergeant (D:10)
  3 two-headed ogre simulacra (Lair:5)
  A water moccasin skeleton (D:3)
  11 killer bees
  4 wights (D:8)
  5 electric eels
  A howler monkey (D:5)
  3 jellies
  28 orc priests
  A gnoll shaman (D:6)
  4 hounds
  3 iguanas
  A centaur skeleton (D:5)
  A scorpion zombie (D:5)
  21 orc wizards
  A spriggan simulacrum (Lair:5)
  A wolf simulacrum (Lair:5)
  A hound skeleton (D:4)
  4 howler monkey zombies
  15 gnolls
  7 adders
  A shadow imp (D:5)
  2 white imps
  2 ufetubi
  3 adder skeletons
  3 worms
  2 dart slugs
  80 orcs
  6 ball pythons
  8 bats
  4 endoplasms
  3 giant cockroaches
  6 goblins
  7 hobgoblins
  4 jackals (D:5)
  A quokka (D:1)
  2 frilled lizards
  6 kobolds
  3 rats
576 creatures vanquished.

Vanquished Creatures (collateral kills)
  2 orcs (D:8)
2 creatures vanquished.

Vanquished Creatures (others)
  A bloated husk (Swamp:1)
  A blink frog (Lair:6)
  2 vampire mosquitoes (Swamp:1)
  A swamp worm (Swamp:1)
  A bush (Lair:4)
  43 fungi
  82 plants
131 creatures vanquished.

Grand Total: 709 creatures vanquished

Notes
Turn   | Place    | Note
-------+----------+-------------------------------------------
     0 | D:1      | oldriver the Minotaur Berserker began the quest for the
                  | Orb.
     0 | D:1      | Reached XP level 1. HP: 19/19 MP: 0/0
   272 | D:1      | Reached skill level 4 in Axes
   277 | D:1      | Reached XP level 2. HP: 23/27 MP: 1/1
   417 | D:1      | Found a faded altar of an unknown god.
   982 | D:2      | Reached XP level 3. HP: 26/33 MP: 2/2
  1436 | D:2      | Reached ** piety under Trog
  1830 | D:3      | Reached skill level 5 in Axes
  1959 | D:3      | Reached XP level 4. HP: 41/41 MP: 3/3
  2139 | D:3      | Reached XP level 5. HP: 37/47 MP: 4/4
  2584 | D:3      | Reached skill level 5 in Fighting
  2584 | D:3      | Reached skill level 6 in Axes
  2838 | D:3      | Found a hazy altar of Hepliaklqana.
  3078 | D:4      | Noticed an ogre
  3091 | D:4      | Killed an ogre
  3092 | D:4      | Reached XP level 6. HP: 55/56 MP: 5/5
  3939 | D:5      | Entered Level 5 of the Dungeon
  3983 | D:5      | Reached skill level 7 in Axes
  4185 | D:5      | Noticed an ice beast
  4199 | D:5      | Killed an ice beast
  4200 | D:5      | Reached XP level 7. HP: 63/63 MP: 6/6
  4456 | D:5      | Found a staircase to the Ecumenical Temple.
  4502 | D:5      | Reached *** piety under Trog
  4900 | D:5      | Reached skill level 8 in Axes
  5547 | D:6      | Noticed Sigmund
  5560 | D:6      | Killed Sigmund
  5577 | D:6      | Reached XP level 8. HP: 61/71 MP: 7/7
  5643 | D:6      | Reached skill level 9 in Axes
  6055 | D:6      | Reached skill level 5 in Armour
  6055 | D:6      | Reached skill level 1 in Shields
  6264 | D:6      | Reached skill level 10 in Axes
  6869 | D:7      | Reached XP level 9. HP: 45/81 MP: 8/8
  7313 | D:7      | Reached skill level 11 in Axes
  8706 | D:8      | Reached skill level 12 in Axes
  8777 | D:8      | Reached **** piety under Trog
  9484 | D:8      | Reached XP level 10. HP: 58/91 MP: 9/9
  9766 | D:8      | Identified a scroll of acquirement
  9766 | D:8      | Acquired a +2 pair of gloves of infusion
  9907 | D:9      | Found a shimmering blue altar of Sif Muna.
  9966 | D:9      | Found a snail-covered altar of Cheibriados.
  9966 | D:9      | Found a faded altar of an unknown god.
  9973 | D:9      | Found a sparkling altar of Nemelex Xobeh.
  9975 | D:9      | Found a broken altar of Ashenzari.
  9977 | D:9      | Found a faded altar of an unknown god.
 10249 | D:9      | Found a hide-covered altar of Uskayaw.
 10849 | D:10     | Entered Level 10 of the Dungeon
 10852 | D:10     | Noticed a two-headed ogre
 10862 | D:10     | Killed a two-headed ogre
 10863 | D:10     | Reached skill level 13 in Axes
 10945 | D:10     | Found Qailetat's Antique Armour Shop.
 10945 | D:10     | Found a staircase to the Orcish Mines.
 10953 | D:10     | Reached skill level 10 in Fighting
 11007 | D:10     | Bought a runed scale mail for 147 gold pieces
 11037 | D:10     | Found a radiant altar of Vehumet.
 11049 | D:10     | Found a staircase to the Lair.
 11222 | D:10     | Noticed a cyclops
 11235 | D:10     | Killed a cyclops
 11264 | D:10     | Noticed a tengu warrior
 11264 | D:10     | Noticed a brown ugly thing
 11264 | D:10     | Noticed a skeletal warrior
 11307 | D:9      | Killed a brown ugly thing
 11308 | D:9      | Reached skill level 14 in Axes
 11523 | D:10     | Noticed a two-headed ogre
 11529 | D:10     | Killed a two-headed ogre
 11605 | D:10     | Reached XP level 11. HP: 98/102 MP: 7/10
 11747 | D:10     | Found a runed translucent door.
 11823 | D:10     | Reached skill level 5 in Dodging
 11903 | D:10     | Noticed a centaur warrior
 11907 | D:10     | Noticed an orc knight
 11911 | D:10     | Killed a centaur warrior
 11912 | D:10     | Reached skill level 15 in Axes
 12322 | D:10     | Noticed a tengu warrior
 12335 | D:10     | Killed a tengu warrior
 12346 | D:10     | Killed an orc knight
 12511 | D:10     | Found an ancient bone altar of Kikubaaqudgha.
 12792 | D:10     | Killed a tengu warrior
 12793 | D:10     | Reached skill level 16 in Axes
 13236 | Lair:1   | Entered Level 1 of the Lair of Beasts
 13278 | Lair:1   | Reached ***** piety under Trog
 14054 | Lair:1   | Reached XP level 12. HP: 113/113 MP: 4/11
 14244 | Lair:1   | Reached skill level 17 in Axes
 14295 | Lair:1   | Received a gift from Trog
 14971 | Lair:2   | Found a staircase to the Swamp.
 15002 | Lair:2   | Identified the +1 leather armour "Ugeeliaw" {+Inv rC+ Int+5
                  | Dex-2}
 15281 | Lair:2   | Found a transporter.
 15386 | Lair:2   | Found a transporter.
 15390 | Lair:2   | Noticed a hell hog
 15391 | Lair:2   | Noticed JamezByez's ghost (journeyman MiBe)
 16157 | Lair:3   | Found a hole to the Spider Nest.
 16208 | Lair:3   | Noticed a six-headed hydra
 16223 | Lair:3   | Killed a six-headed hydra
 16224 | Lair:3   | Reached skill level 18 in Axes
 16723 | Lair:3   | Reached skill level 10 in Armour
 16780 | Lair:3   | Noticed a six-headed hydra
 16784 | Lair:3   | Killed a six-headed hydra
 17317 | Lair:3   | Noticed a five-headed hydra
 17326 | Lair:3   | Killed a five-headed hydra
 18052 | Lair:4   | Reached XP level 13. HP: 109/124 MP: 7/12
 18144 | Lair:4   | Identified the +9 great sword of Tuoruogu {vorpal, rF+
                  | Will+ Str-5}
 18892 | Lair:4   | Reached skill level 19 in Axes
 20315 | D:10     | Reached skill level 15 in Fighting
 20554 | Orc:1    | Entered Level 1 of the Orcish Mines
 20688 | Orc:1    | Noticed Harold
 20702 | Orc:1    | Reached skill level 5 in Shields
 20709 | Orc:1    | Killed Harold
 21352 | Orc:1    | Found Uwkex's CLEARANCE SALE!.
 21679 | Orc:1    | Noticed an ettin
 21686 | Orc:1    | Killed an ettin
 21914 | Orc:2    | Entered Level 2 of the Orcish Mines
 21918 | Orc:2    | Received a gift from Trog
 22130 | Orc:2    | Noticed an orc warlord
 22356 | Orc:2    | Killed an orc warlord
 22357 | Orc:2    | Reached skill level 20 in Axes
 22501 | Orc:2    | Identified the +7 battleaxe of the Past {flame, rC+ rCorr}
                  | (Trog gifted it to you on level 2 of the Orcish Mines)
 22501 | Orc:2    | Received a gift from Trog
 22874 | Orc:2    | Noticed Sonja
 22878 | Orc:2    | Killed Sonja
 22882 | Orc:2    | Found a staircase to the Elven Halls.
 23718 | Lair:5   | Noticed Rupert
 23745 | Lair:5   | Killed Rupert
 23746 | Lair:5   | Reached XP level 14. HP: 137/137 MP: 5/13
 24956 | Lair:6   | Entered Level 6 of the Lair of Beasts
 25140 | Lair:6   | Received a gift from Trog
 25865 | Lair:6   | Reached skill level 21 in Axes
 26352 | Lair:6   | Found a viscous altar of Jiyva.
 26352 | Lair:6   | Found a staircase to the Slime Pits.
 26772 | Lair:6   | Upgraded the game from 0.28-a0-1206-g193881aaa2 to
                  | 0.28-a0-1213-g0243856f03
 27654 | Lair:6   | Found a corrupted altar of Lugonu.
 27654 | Lair:6   | Found a one-way gate to the infinite horrors of the Abyss.
 27842 | Swamp:1  | Entered Level 1 of the Swamp
 27862 | Swamp:1  | Slain by a spriggan rider

Illustrated notes

Levels and vault maps discovered:
D:1:      dpeg_arrival_tiny_d, layout_basic, chequers_ecumenical_altar_simple
D:2:      layout_loops_ring
D:3:      layout_rooms, lemuel_coloured_pillars_altar
D:4:      layout_basic, minmay_bisected
D:5:      layout_basic, minmay_temple_entry_antechambers
D:6:      layout_loops_ring, uniq_sigmund
D:7:      layout_gridville, skrybe_limestone_x, fountainhead
D:8:      lemuel_ice_spiral_2, layout_basic
D:9:      layout_loops_corners, mainiacjoe_overflow_paths,
          mainiacjoe_overflow_chevrons, chequers_temple_overflow_minitemple
D:10:     minmay_the_grid_four_pointed_star
          [minmay_the_grid_triangle_9x9_pentomino_pain,
          minmay_the_grid_triangle_9x9_subtriangle,
          minmay_the_grid_triangle_9x9_from_above,
          minmay_the_grid_triangle_9x9_alien,
          minmay_the_grid_prize_four_corners], layout_basic,
          mainiacjoe_overflow_concentric_impassable, lemuel_doored_altar,
          lair_entry_dummy, orc_0_dummy, serial_shops, shop
D:11:     layout_loops_ring, hangedman_fish_farm
Lair:1:   layout_gridlike, grunt_megastairs_3
Lair:2:   layout_regular_city, swamp_mist_pool, gammafunk_ghost_abyssal_escape
Lair:3:   layout_regular_city, dummy_spider_entry
Lair:4:   layout_misc_corridors, wad_woods_river_01
Lair:5:   dreamdust_isle_of_ice, layout_regular_city, uniq_rupert
Lair:6:   hellmonk_lair_end_abyssal_woods, layout_cave_pods,
          dpeg_slime_entry_enclosed_altar, ldierk_geyser,
          infiniplex_staircase_pool_2
Swamp:1:  layout_falls_marsh, evilmike_swamp_ruin_house_1,
          infiniplex_staircase_pool
Orc:1:    cheibrodos_orc_guarddog, layout_diamond_mine,
          portal_ice_cave_entry_pillars_1, nicolae_shop_clearance, uniq_harold
Orc:2:    st_orc_pillars, layout_caves, uniq_sonja

Skill      XL: |  1  2  3  4  5  6  7  8  9 10 11 12 13 14 |
---------------+-------------------------------------------+-----
Axes           | 4 5 6 7 8 10 12 14 16 18 20 21 | 21.4
Fighting       | 4 5 6 8 9 11 12 14 16 17 | 17.9
Armour         | 3 4 5 7 8 9 10 11 | 11.7
Dodging        | 3 4 5 6 |  6.7
Shields        | 1 2 3 4 5 6 |  6.1

Action                   |  1- 3 |  4- 6 |  7- 9 | 10-12 | 13-15 || total
-------------------------+-------+-------+-------+-------+-------++-------
Melee: Hand axe          |    67 |   107 |   232 |       |       ||   406
       Headbutt          |     8 |    28 |    62 |    68 |    98 ||   264
       Battleaxe         |       |       |    55 |   332 |   533 ||   920
       Great mace        |       |       |       |    16 |    10 ||    26
Invok: Berserk           |     1 |     4 |     5 |     5 |    10 ||    25
       Trog's Hand       |       |       |       |       |     3 ||     3
  Use: Scroll            |       |       |     6 |    14 |     9 ||    29
       Potion            |       |       |       |       |     2 ||     2
 Stab: Petrified         |       |       |       |       |     2 ||     2
       Distracted        |       |       |       |       |     1 ||     1
Armor: Animal skin       |    18 |       |       |       |       ||    18
       Scale mail        |     6 |    41 |    92 |   153 |   195 ||   487
Dodge: Dodged            |    59 |    61 |   106 |   160 |   258 ||   644
Block: Other             |       |     2 |    38 |    80 |   116 ||   236
       Reflection        |       |       |     1 |     2 |     1 ||     4

Table legend: (Time is in decaauts)
 A = Elapsed time spent in this place.
 B = Non-inter-level travel time spent in this place.
 C = Inter-level travel time spent in this place.
 D = Time resting spent in this place.
 E = Time spent auto-exploring this place.
 F = Levels seen in this place.
 G = Mean time per level.
                   A        B        C        D        E       F      G
               +--------+--------+--------+--------+--------+-----+--------+
         Total |  27926 |  26687 |   1239 |   9133 |  13139 |  20 | 1396.3 |
       Dungeon |  14274 |  13686 |    588 |   4638 |   6949 |  11 | 1297.6 |
          Lair |  11199 |  10728 |    471 |   3569 |   5329 |   6 | 1866.5 |
         Swamp |     17 |     17 |      0 |      0 |      0 |   1 |   17.0 |
  Orcish Mines |   2435 |   2256 |    179 |    925 |    861 |   2 | 1217.5 |
               +--------+--------+--------+--------+--------+-----+--------+

Top non-repeatable levels by time:
  Lair:6: 2772 daAuts
    D:10: 2744 daAuts
  Lair:4: 2026 daAuts
  Lair:3: 1941 daAuts
   Orc:1: 1766 daAuts
  Lair:1: 1671 daAuts
     D:5: 1604 daAuts
     D:8: 1552 daAuts
     D:7: 1503 daAuts
  Lair:5: 1465 daAuts
     D:9: 1380 daAuts
  Lair:2: 1322 daAuts
     D:6: 1207 daAuts
     D:2: 1200 daAuts
     D:4: 1081 daAuts
